 Dungeon Crawl Stone Soup version 0.25.1-2-g60ff931df9 (webtiles) character file.

Game seed: 11705334045231858967

312 Curus the Distorting Demonspawn (level 6, -8/47 HPs)
             Began as a Demonspawn Abyssal Knight on Oct 17, 2020.
             Was a Believer of Lugonu.
             Killed by divine providence
             ... invoked by an orc priest
              (14 damage)
             ... on level 4 of the Dungeon.
             The game lasted 00:11:22 (2794 turns).

Curus the Distorting Demonspawn (DsAK)              Turns: 2794, Time: 00:11:23

Health: -8/47      AC:  5    Str: 12    XL:     6   Next: 18%
Magic:  10/10      EV: 11    Int: 14    God:    Lugonu [**....]
Gold:   106        SH:  0    Dex: 14    Spells: 5/5 levels left

rFire    . . .     SeeInvis .   a - +3 falchion
rCold    + . .     Gourm    .   (no shield)
rNeg     . . .     Faith    .   b - +0 leather armour
rPois    .         Spirit   .   (no helmet)
rElec    .         Reflect  .   (no cloak)
rCorr    .         Harm     .   e - +1 pair of gloves
MR       .....                  (no boots)
Stlth    +.........             j - amulet of regeneration
HPRegen  0.55/turn              (no ring)
MPRegen  0.12/turn              (no ring)

@: no status effects
A: talons 1, cold resistance 1, spiny 2
a: Depart the Abyss, Bend Space, Renounce Religion


You were on level 4 of the Dungeon.
You worshipped Lugonu.
Lugonu was pleased with you.
You were not hungry.

You visited 1 branch of the dungeon, and saw 4 of its levels.
You visited the Abyss 1 time.

You collected 106 gold pieces.

Inventory:

Hand Weapons
 a - a +3 falchion (weapon)
Armour
 b - a +0 leather armour (worn)
 e - a +1 pair of gloves (worn)
Jewellery
 j - an amulet of regeneration (around neck)
Scrolls
 i - 2 scrolls of identify
Potions
 h - 2 potions of curing
Comestibles
 c - 10 rations
 d - 7 chunks of flesh


   Skills:
 - Level 3.0 Fighting
 + Level 4.4 Long Blades
 - Level 1.7 Armour
 - Level 0.8 Dodging
 + Level 6.3 Invocations


You had 5 spell levels left.
You didn't know any spells.
Your spell library was empty.

Dungeon Overview and Level Annotations

Branches:
Dungeon (4/15)
 Temple: D:4-7

Altars:
Dithmenos
Gozag


Innate Abilities, Weirdness & Mutations

You have sharp toenails.
Your flesh is cold resistant. (rC+)
You are mostly covered in sharp spines.


Message History

The orc priest is almost dead.
The orc priest calls down the wrath of Beogh upon you.
Beogh smites you!
* * * LOW HITPOINT WARNING * * *
Okay, then.
Unknown command.
You hit the orc priest but do no damage.
The orc priest is almost dead.
The orc priest hits you but does no damage.
You barely miss the orc priest.
You claw the orc priest, but do no damage.
The orc priest is almost dead.
The orc priest barely misses you.
You hit the orc priest. Your kick misses the orc priest.
The orc priest is almost dead.
You hit the orc priest but do no damage.
The orc priest is almost dead.
The orc priest invokes the aid of Beogh against you.
Beogh smites you!
You die...

.. . ####### #
##.....##..
#..........
+........ +
#......#
#...#.o....#
#...###@####
##...##.....#
#...........#
#...........#
+....###'####
##...##.....##..
#.....รท........
#...##.........
##'##########..


You could see an orc priest.

Vanquished Creatures
  A sky beast (D:3)
  2 orc wizards
  Terence (D:3)
  A worker ant (D:3)
  4 adders
  A worm (D:3)
  6 leopard geckos
  8 orcs
  A ball python (D:1)
  6 giant cockroaches
  6 goblins
  5 hobgoblins
  5 kobolds
  6 bats
  A frilled lizard (D:3)
  9 rats
63 creatures vanquished.

Notes
Turn   | Place    | Note
-------+----------+-------------------------------------------
     0 | Abyss:1  | Curus the Demonspawn Abyssal Knight began the quest for the
                  | Orb.
     0 | Abyss:1  | Reached XP level 1. HP: 18/18 MP: 2/2
    38 | Abyss:1  | Noticed a Hell Sentinel
    39 | D:1      | Escaped the Abyss
   148 | D:1      | Reached skill level 3 in Invocations
   149 | D:1      | Reached * piety under Lugonu
   149 | D:1      | Gained mutation: You are partially covered in sharp spines.
                  | [demonic ancestry]
   149 | D:1      | Reached XP level 2. HP: 22/24 MP: 2/4
   657 | D:2      | Gained mutation: You are mostly covered in sharp spines.
                  | [demonic ancestry]
   657 | D:2      | Reached XP level 3. HP: 20/29 MP: 5/5
  1187 | D:2      | Found a shadowy altar of Dithmenos.
  1322 | D:2      | Reached skill level 4 in Invocations
  1364 | D:2      | Found an opulent altar of Gozag.
  1694 | D:3      | Reached ** piety under Lugonu
  1906 | D:3      | Noticed a sky beast
  1910 | D:3      | Gained mutation: You have sharp toenails. [demonic
                  | ancestry]
  1910 | D:3      | Reached XP level 4. HP: 34/35 MP: 7/7
  1913 | D:3      | Killed a sky beast
  1913 | D:3      | Reached skill level 5 in Invocations
  1913 | D:3      | Gained mutation: Your flesh is cold resistant. (rC+)
                  | [demonic ancestry]
  1913 | D:3      | Reached XP level 5. HP: 41/41 MP: 8/8
  1977 | D:3      | Noticed Terence
  1984 | D:3      | Killed Terence
  2624 | D:3      | Reached skill level 6 in Invocations
  2624 | D:3      | Reached XP level 6. HP: 38/47 MP: 10/10
  2794 | D:4      | Killed from afar by an orc priest

Illustrated notes

Levels and vault maps discovered:
D:1:      ebering_hopf_link, layout_loops_cross
D:2:      layout_basic, grunt_dithmenos_smoke_and_mirrors,
          hangedman_decor_growths, grunt_gozag_breadcrumbs
D:3:      layout_basic, first_ration, uniq_terence
D:4:      layout_gridville, uniq_eustachio

Skill      XL: |  1  2  3  4  5 |
---------------+----------------+-----
Long Blades    | 2 3 4 |  4.4
Invocations    | 3 4 5 6 |  6.3
Fighting       | |  3.0
Armour         | |  1.7
Dodging        | |  0.8

Action                   |  1- 3 |  4- 6 || total
-------------------------+-------+-------++-------
Melee: Falchion          |    83 |    45 ||   128
       Kick              |       |    13 ||    13
Invok: Depart the Abyss  |     1 |       ||     1
  Use: Potion            |     4 |     1 ||     5
       Scroll            |     6 |     1 ||     7
  Eat: Chunk             |     3 |     3 ||     6
Armor: Leather armour    |    13 |     8 ||    21
Dodge: Dodged            |    45 |    22 ||    67
       Rpst.: Falchion   |    13 |     8 ||    21
